[Event "ISR-chT 2019"]
[Site "Israel"]
[Date "2019.02.15"]
[Round "5.32"]
[White "Bakalchuk, Johnatan"]
[Black "Shvidler, Eliahu"]
[Result "1-0"]
[ECO "C42"]
[WhiteElo "2456"]
[BlackElo "2357"]
[Annotator "ChessBase"]
[PlyCount "73"]
[EventDate "2019.01.04"]
[EventType "team-tourn"]
[EventCountry "ISR"]
[SourceTitle "playchess.com"]
[Source "ChessBase"]
[SourceQuality "1"]
[TimeControl "40/5400+30:1800+30"]

1. e4 e5 2. Nf3 Nf6 3. Nxe5 d6 4. Nf3 Nxe4 5. d4 Nf6 6. Bd3 Be7 7. h3 O-O 8. O-O b6 9. c4 Bb7 10. Nc3 Nbd7 11. Re1 Re8 12. d5 c6 13. dxc6 Bxc6 14. Bf4 Bb7 15. Nd4 g6 16. Ndb5 Ne5 17. Bf1 a6 18. Na3 Bf8 19. Qd2 Qc7 20. Rad1 Qc6 21. Nd5 Nfd7 22. Bh6 Bxh6 23. Qxh6 f6 24. Qd2 Kg7 25. f4 Nf7 26. Nc2 Qc5+ 27. Nd4 Bxd5 28. cxd5 Kg8 29. Be2 Rab8 30. b4 Qc8 31. Nc6 Ra8 32. Bg4 f5 33. Bf3 Qc7 34. Rc1 Kf8 35. Nd4 Rxe1+ 36. Qxe1 Qa7 37. Rc7 1-0

[Event "ISR-chT 2019"]
[Site "Israel"]
[Date "2019.02.15"]
[Round "5.33"]
[White "Aharonovich, Itamar"]
[Black "Caspi, Israel"]
[Result "0-1"]
[ECO "A88"]
[WhiteElo "2299"]
[BlackElo "2455"]
[Annotator "ChessBase"]
[PlyCount "70"]
[EventDate "2019.01.04"]
[EventType "team-tourn"]
[EventCountry "ISR"]
[SourceTitle "playchess.com"]
[Source "ChessBase"]
[SourceQuality "1"]
[TimeControl "40/5400+30:1800+30"]

1. d4 d6 2. Nf3 f5 3. g3 Nf6 4. Bg2 g6 5. c4 Bg7 6. O-O O-O 7. Nc3 c6 8. Rb1 Ne4 9. Qc2 Nxc3 10. bxc3 e5 11. dxe5 dxe5 12. Ba3 Rf7 13. Rfd1 Nd7 14. e4 Bf8 15. Bxf8 Qxf8 16. exf5 gxf5 17. Qd2 Re7 18. Qg5+ Rg7 19. Qe3 e4 20. Nh4 Nc5 21. Qf4 Be6 22. f3 exf3 23. Bxf3 Re8 24. Bh5 Ree7 25. Rf1 Ne4 26. Rbe1 Ng5 27. Kg2 Kh8 28. Re2 Qg8 29. Nxf5 Bd5+ 30. cxd5 Qxd5+ 31. Kf2 Nh3+ 32. Ke1 Rxe2+ 33. Bxe2 Nxf4 34. Rxf4 Rd7 35. Kf2 Rf7 0-1

[Event "ISR-chT 2019"]
[Site "Israel"]
[Date "2019.02.15"]
[Round "5.34"]
[White "Zifroni, Dov"]
[Black "Kundin, Alexander"]
[Result "1-0"]
[ECO "D15"]
[WhiteElo "2442"]
[BlackElo "2311"]
[Annotator "NA"]
[PlyCount "73"]
[EventDate "2019.01.04"]
[EventType "team-tourn"]
[EventCountry "ISR"]
[SourceTitle "playchess.com"]
[Source "ChessBase"]
[SourceQuality "1"]
[TimeControl "40/5400+30:1800+30"]

1. d4 d5 2. c4 c6 3. Nf3 Nf6 4. Nc3 a6 5. c5 Nbd7 6. Bf4 Nh5 7. Bd2 Qc7 8. e4 dxe4 9. Ng5 Ndf6 10. Bc4 e6 11. Ncxe4 Be7 12. O-O Nxe4 13. Nxe4 Nf6 14. Qf3 Nxe4 15. Qxe4 O-O 16. Bf4 Qd8 17. Rad1 Bd7 18. Rd3 Bf6 19. Be5 g6 20. Rfd1 Bg7 21. Qf4 f6 22. Bc7 Qc8 23. Re1 Re8 24. Rde3 Kf7 25. Bd6 Qd8 26. Rb3 Ra7 27. h4 Qa5 28. Rc1 Qd8 29. Re3 Ra8 30. Bc7 Qc8 31. Rce1 Kg8 32. Bd6 Kf7 33. h5 g5 34. Qf5 h6 35. Qh7 Ra7 36. Bd3 Rh8 37. Bg6# 1-0

[Event "ISR-chT 2019"]
[Site "Israel"]
[Date "2019.02.15"]
[Round "5.35"]
[White "Haimovich, Tal"]
[Black "Kreizberg, Michael"]
[Result "*"]
[ECO "A62"]
[WhiteElo "2408"]
[BlackElo "2297"]
[Annotator "NA"]
[PlyCount "36"]
[EventDate "2019.01.04"]
[EventType "team-tourn"]
[EventCountry "ISR"]
[SourceTitle "playchess.com"]
[Source "ChessBase"]
[SourceQuality "1"]
[TimeControl "40/5400+30:1800+30"]

1. d4 Nf6 2. c4 e6 3. g3 c5 4. d5 exd5 5. cxd5 d6 6. Nc3 g6 7. Bg2 Bg7 8. Nf3 O-O 9. O-O Re8 10. Bf4 Ne4 11. Nxe4 Rxe4 12. Nd2 Rb4 13. a3 Rxf4 14. gxf4 Bxb2 15. Rb1 Bg7 16. e4 Nd7 17. Nf3 Bh6 18. Ng5 Nf6 *

[Event "ISR-chT 2019"]
[Site "Israel"]
[Date "2019.02.15"]
[Round "5.36"]
[White "Lev, Ronen"]
[Black "Gershkowich, David"]
[Result "1-0"]
[ECO "D36"]
[WhiteElo "2355"]
[BlackElo "2200"]
[Annotator "NA"]
[PlyCount "105"]
[EventDate "2019.01.04"]
[EventType "team-tourn"]
[EventCountry "ISR"]
[SourceTitle "playchess.com"]
[Source "ChessBase"]
[SourceQuality "1"]
[TimeControl "40/5400+30:1800+30"]

1. d4 Nf6 2. c4 e6 3. Nf3 d5 4. Nc3 Be7 5. cxd5 exd5 6. Bg5 Nbd7 7. e3 c6 8. Bd3 O-O 9. O-O Re8 10. Qc2 Nf8 11. Bxf6 Bxf6 12. b4 a6 13. a4 a5 14. b5 Be7 15. Rfc1 Be6 16. bxc6 bxc6 17. Ne5 Qd6 18. Ne2 Rec8 19. Nxc6 Kh8 20. Bb5 Bd7 21. e4 Bg5 22. f4 Bxf4 23. Nxf4 Qxf4 24. exd5 Bxc6 25. Bxc6 Qxd4+ 26. Qf2 Qxf2+ 27. Kxf2 Ra7 28. Ke3 g6 29. Kd4 Kg7 30. Rab1 Rd8 31. Rb6 Ne6+ 32. Kc4 Nf4 33. g3 Nh5 34. Rcb1 Re7 35. Rb8 Rxb8 36. Rxb8 Re2 37. d6 Nf6 38. d7 Rc2+ 39. Kd3 Nxd7 40. Bxd7 Rxh2 41. Ra8 h5 42. Rxa5 Rg2 43. Rd5 Rxg3+ 44. Kc4 f5 45. a5 Ra3 46. Kb4 Ra1 47. Ba4 Rb1+ 48. Bb3 Ra1 49. Rd1 Rxa5 50. Kxa5 g5 51. Rd5 Kf6 52. Bc2 h4 53. Bxf5 1-0

[Event "ISR-chT 2019"]
[Site "Israel"]
[Date "2019.02.22"]
[Round "7.1"]
[White "Boruchovsky, Avital"]
[Black "Alexikov, Alexander"]
[Result "1/2-1/2"]
[ECO "B52"]
[WhiteElo "2534"]
[BlackElo "2258"]
[Annotator "RC"]
[PlyCount "69"]
[EventDate "2019.01.04"]
[EventType "team-tourn"]
[EventCountry "ISR"]
[SourceTitle "playchess.com"]
[Source "ChessBase"]
[SourceQuality "1"]
[TimeControl "40/5400+30:1800+30"]

1. e4 c5 2. Nf3 d6 3. Bb5+ Bd7 4. Bxd7+ Qxd7 5. O-O Nc6 6. c3 Nf6 7. Qe2 e6 8. Rd1 Be7 9. d4 cxd4 10. cxd4 d5 11. e5 Ne4 12. Ne1 f6 13. f3 Ng5 14. Nc3 f5 15. Be3 O-O 16. Nd3 Nf7 17. Kh1 g5 18. f4 g4 19. Bf2 Nh8 20. g3 Ng6 21. Kg2 h5 22. Rh1 Kg7 23. h3 Rh8 24. Rh2 Rh7 25. Rah1 Rah8 26. Qd1 b6 27. Qa4 Qb7 28. Kg1 a6 29. Ne2 Na5 30. hxg4 hxg4 31. Rxh7+ Rxh7 32. Rxh7+ Kxh7 33. Qe8 Kg7 34. Be1 Qc6 35. Qxc6 1/2-1/2

[Event "ISR-chT 2019"]
[Site "Israel"]
[Date "2019.02.22"]
[Round "7.4"]
[White "Poleg, Matan"]
[Black "Rozentalis, Eduardas"]
[Result "0-1"]
[ECO "E11"]
[WhiteElo "2195"]
[BlackElo "2529"]
[Annotator "ChessBase"]
[PlyCount "85"]
[EventDate "2019.01.04"]
[EventType "team-tourn"]
[EventCountry "ISR"]
[SourceTitle "playchess.com"]
[Source "ChessBase"]
[SourceQuality "1"]
[TimeControl "40/5400+30:1800+30"]

1. d4 Nf6 2. c4 e6 3. Nf3 Bb4+ 4. Nbd2 O-O 5. a3 Bxd2+ 6. Qxd2 d6 7. b3 b6 8. g3 Bb7 9. Bg2 Nbd7 10. Bb2 Qe7 11. O-O Rfd8 12. Rfd1 Be4 13. Bh3 h6 14. d5 exd5 15. Nd4 dxc4 16. f3 Bb7 17. Nf5 Qf8 18. Qc3 Ne5 19. bxc4 h5 20. Qc1 Bc8 21. Qg5 Bxf5 22. Bxf5 Qe7 23. Rd4 Re8 24. Rh4 Ng6 25. Bxg6 fxg6 26. e4 Qf7 27. Rf4 Re6 28. a4 Rae8 29. a5 Re5 30. Bxe5 Rxe5 31. axb6 axb6 32. Rxf6 Qxf6 33. Qe3 Ra5 34. Rxa5 bxa5 35. c5 a4 36. f4 Qb2 37. cxd6 cxd6 38. f5 a3 39. Qd3 gxf5 40. Qd5+ Kh8 41. Qxd6 Kh7 42. Qd1 Qb6+ 43. Kg2 0-1

[Event "ISR-chT 2019"]
[Site "Israel"]
[Date "2019.02.22"]
[Round "7.6"]
[White "Drozdov, Alexandre"]
[Black "Ben Artzi, Ido"]
[Result "0-1"]
[ECO "A45"]
[WhiteElo "2208"]
[BlackElo "2376"]
[Annotator "NA"]
[PlyCount "64"]
[EventDate "2019.01.04"]
[EventType "team-tourn"]
[EventCountry "ISR"]
[SourceTitle "playchess.com"]
[Source "ChessBase"]
[SourceQuality "1"]
[TimeControl "40/5400+30:1800+30"]

1. d4 Nf6 2. Bg5 Ne4 3. Bf4 d5 4. f3 Nf6 5. e3 c5 6. c3 Nc6 7. Bd3 e6 8. Nd2 Nh5 9. Ne2 Nxf4 10. Nxf4 Bd6 11. g3 h5 12. Qe2 h4 13. O-O-O c4 14. Bb1 g5 15. Ng2 h3 16. Ne1 b5 17. e4 Kf8 18. Nc2 b4 19. Rdf1 bxc3 20. bxc3 f5 21. Re1 Bd7 22. Nf1 f4 23. Rg1 Qa5 24. e5 Ba3+ 25. Kd1 Qxc3 26. Qd2 Qxf3+ 27. Re2 c3 28. Ne1 Qxf1 29. Qxc3 Qxg1 30. Qxa3+ Kg7 31. Rd2 fxg3 32. Qf3 Raf8 0-1

[Event "ISR-chT 2019"]
[Site "Israel"]
[Date "2019.02.22"]
[Round "7.11"]
[White "Golod, Vitali"]
[Black "Judkovsky, Yair"]
[Result "0-1"]
[ECO "E37"]
[WhiteElo "2523"]
[BlackElo "2298"]
[Annotator "ChessBase"]
[PlyCount "84"]
[EventDate "2019.01.04"]
[EventType "team-tourn"]
[EventCountry "ISR"]
[SourceTitle "playchess.com"]
[Source "ChessBase"]
[SourceQuality "1"]
[TimeControl "40/5400+30:1800+30"]

1. d4 Nf6 2. c4 e6 3. Nc3 Bb4 4. Qc2 d5 5. a3 Bxc3+ 6. Qxc3 O-O 7. Nf3 c5 8. dxc5 Nc6 9. e3 Ne4 10. Qc2 Qa5+ 11. Nd2 Nxd2 12. Bxd2 Qxc5 13. b4 Qb6 14. c5 Qc7 15. Be2 e5 16. O-O Be6 17. Qb2 Rad8 18. b5 Ne7 19. Bc3 f6 20. Rac1 Nf5 21. Rfd1 Qf7 22. c6 b6 23. a4 Rfe8 24. a5 Qg6 25. axb6 axb6 26. Bb4 d4 27. c7 Rc8 28. Bd3 Bd5 29. f3 e4 30. fxe4 Bxe4 31. exd4 Ne3 32. Bxe4 Rxe4 33. Re1 Nxg2 34. Qa2+ Kh8 35. Qxg2 Rg4 36. Rc2 h5 37. h3 Rxg2+ 38. Rxg2 Qd3 39. Re7 Qxd4+ 40. Kh1 Qxb4 41. Rgxg7 Qb1+ 42. Kh2 Ra8 0-1

[Event "ISR-chT 2019"]
[Site "Israel"]
[Date "2019.02.22"]
[Round "7.12"]
[White "Aharon, Ofir"]
[Black "Kantsler, Boris"]
[Result "0-1"]
[ECO "B07"]
[WhiteElo "2308"]
[BlackElo "2398"]
[Annotator "NA"]
[PlyCount "94"]
[EventDate "2019.01.04"]
[EventType "team-tourn"]
[EventCountry "ISR"]
[SourceTitle "playchess.com"]
[Source "ChessBase"]
[SourceQuality "1"]
[TimeControl "40/5400+30:1800+30"]

1. e4 d6 2. d4 Nf6 3. Nc3 e5 4. Nge2 Nc6 5. h3 Be7 6. g4 d5 7. exd5 Nxd5 8. dxe5 Nxc3 9. Qxd8+ Bxd8 10. Nxc3 Nxe5 11. Bg2 O-O 12. O-O f5 $11 13. f4 Ng6 14. g5 c6 15. Kh2 h6 16. gxh6 gxh6 17. Ne2 Bf6 18. Ng3 Be6 19. Nh5 Bh8 20. Be3 Rfe8 21. Rae1 Rad8 22. Rg1 Kf7 23. Bf1 Bd5 24. Rg3 Nh4 25. Be2 Rxe3 26. Rxe3 Ng2 27. Bd3 Nxe1 28. Rxe1 Be4 29. Bxe4 fxe4 30. Ng3 Rd2+ 31. Re2 Rxe2+ 32. Nxe2 Bxb2 33. Kg2 Ke6 34. Kf2 Kd5 35. Ke3 b5 36. f5 Bf6 37. Kf4 h5 38. Nc1 c5 39. Ne2 b4 40. Nc1 c4 41. Ne2 a5 42. Ke3 Bg5+ 43. Kf2 Ke5 44. Kg2 a4 45. Kg3 b3 46. cxb3 cxb3 47. axb3 axb3 0-1

[Event "ISR-chT 2019"]
[Site "Israel"]
[Date "2019.02.22"]
[Round "7.13"]
[White "Rodshtein, Maxim"]
[Black "Zanan, Evgeny"]
[Result "1/2-1/2"]
[ECO "E70"]
[WhiteElo "2668"]
[BlackElo "2532"]
[Annotator "ChessBase"]
[PlyCount "94"]
[EventDate "2019.01.04"]
[EventType "team-tourn"]
[EventCountry "ISR"]
[SourceTitle "playchess.com"]
[Source "ChessBase"]
[SourceQuality "1"]
[TimeControl "40/5400+30:1800+30"]

1. c4 Nf6 2. Nc3 g6 3. e4 d6 4. d4 Bg7 5. Nge2 O-O 6. Ng3 e5 7. d5 a5 8. Be2 Na6 9. h4 h5 10. Bg5 Qe8 11. Qd2 Nc5 12. O-O-O a4 13. Kb1 Ng4 14. Qe1 f6 15. Bc1 f5 16. f3 Nf6 17. Qd2 Bd7 18. Qc2 f4 19. Nf1 Qe7 20. Bd2 c6 21. Be1 cxd5 22. Nxd5 Nxd5 23. Rxd5 Be6 24. Rd1 b5 25. Bb4 Rfc8 26. Nd2 Na6 27. a3 Nxb4 28. axb4 Rab8 29. Rc1 bxc4 30. Bxc4 Kh7 31. b5 Bxc4 32. Nxc4 Rxb5 33. Qxa4 Rbc5 34. Rhd1 R8c6 35. Rd5 Qc7 36. Rxc5 Rxc5 37. Qa6 Bf8 38. b4 Rc6 39. Qa5 Qb7 40. b5 Rc5 41. Na3 d5 42. Rxc5 Bxc5 43. Nc2 dxe4 44. fxe4 Kh6 45. Qa4 Qf7 46. Kb2 Bb6 47. Qa8 Kg7 1/2-1/2

[Event "ISR-chT 2019"]
[Site "Israel"]
[Date "2019.02.22"]
[Round "7.14"]
[White "Baron, Tal"]
[Black "Postny, Evgeny"]
[Result "0-1"]
[ECO "C90"]
[WhiteElo "2517"]
[BlackElo "2630"]
[Annotator "RC"]
[PlyCount "86"]
[EventDate "2019.01.04"]
[EventType "team-tourn"]
[EventCountry "ISR"]
[SourceTitle "playchess.com"]
[Source "ChessBase"]
[SourceQuality "1"]
[TimeControl "40/5400+30:1800+30"]

1. e4 e5 2. Nf3 Nc6 3. Bb5 a6 4. Ba4 Nf6 5. O-O Be7 6. Re1 b5 7. Bb3 d6 8. c3 Na5 9. Bc2 c5 10. d4 Qc7 11. Nbd2 O-O 12. b3 Bd7 13. Nf1 cxd4 14. cxd4 Bg4 15. Ne3 Bxf3 16. Qxf3 Nc6 17. Bb2 Nxd4 18. Bxd4 exd4 19. Nf5 g6 20. Nxe7+ Qxe7 21. Qd3 Rac8 22. Re2 Rc3 23. Qxd4 Rfc8 24. Bd1 Qe5 25. Qxe5 dxe5 26. Kf1 Nd7 27. Rd2 Nc5 28. Rd5 f6 29. Rd6 Nxe4 30. Rxa6 Rc1 31. Rxc1 Rxc1 32. Ke2 b4 33. Ke3 Nc3 34. Bf3 e4 35. Bg4 f5 36. Bh3 Rc2 37. f3 Nd5+ 38. Kd4 Rd2+ 39. Kc4 e3 40. Re6 Kf7 41. Re5 Kf6 42. f4 h5 43. g3 e2 0-1

[Event "ISR-chT 2019"]
[Site "Israel"]
[Date "2019.02.22"]
[Round "7.17"]
[White "Huzman, Alexander"]
[Black "Bronstein, Or"]
[Result "1-0"]
[ECO "D75"]
[WhiteElo "2579"]
[BlackElo "2396"]
[Annotator "ChessBase"]
[PlyCount "109"]
[EventDate "2019.01.04"]
[EventType "team-tourn"]
[EventCountry "ISR"]
[SourceTitle "playchess.com"]
[Source "ChessBase"]
[SourceQuality "1"]
[TimeControl "40/5400+30:1800+30"]

1. Nf3 Nf6 2. c4 c5 3. g3 g6 4. Bg2 Bg7 5. O-O O-O 6. Nc3 d5 7. cxd5 Nxd5 8. Nxd5 Qxd5 9. d4 cxd4 10. Be3 Nc6 11. Nxd4 Qc4 12. Bxc6 bxc6 13. Qc1 Ba6 14. Qxc4 Bxc4 15. Rfc1 Bxd4 16. Rxc4 Bxe3 17. fxe3 Rfd8 18. Rac1 Rd2 19. R1c2 Rxc2 20. Rxc2 Rb8 21. b3 Rb6 22. Kf2 Kg7 23. e4 Kf6 24. Ke3 Ke5 25. Rc5+ Kd6 26. Ra5 Rb7 27. Kd4 f6 28. Kc4 h5 29. b4 Rc7 30. Kd4 Rd7 31. Ra6 Rb7 32. a3 Kd7 33. e5 Kc7 34. e4 fxe5+ 35. Kxe5 Rb5+ 36. Ke6 Kb7 37. Ra4 h4 38. gxh4 Kb6 39. Kxe7 Re5+ 40. Kf6 Rxe4 41. Kg5 Rd4 42. Ra5 a6 43. h5 gxh5 44. Kxh5 Rd3 45. h4 c5 46. Rxc5 Rxa3 47. Kg6 Rb3 48. Rg5 Rxb4 49. h5 Rc4 50. h6 a5 51. h7 Rc8 52. Kh6 a4 53. Rg8 Rc4 54. Rg6+ Kb7 55. h8=Q 1-0

[Event "ISR-chT 2019"]
[Site "Israel"]
[Date "2019.02.22"]
[Round "7.19"]
[White "Shvidler, Eliahu"]
[Black "Zubov, Alexander"]
[Result "0-1"]
[ECO "E08"]
[WhiteElo "2357"]
[BlackElo "2599"]
[Annotator "RC"]
[PlyCount "152"]
[EventDate "2019.01.04"]
[EventType "team-tourn"]
[EventCountry "ISR"]
[SourceTitle "playchess.com"]
[Source "ChessBase"]
[SourceQuality "1"]
[TimeControl "40/5400+30:1800+30"]

1. Nf3 Nf6 2. g3 d5 3. c4 e6 4. Bg2 Be7 5. O-O O-O 6. d4 c6 7. Qc2 Nbd7 8. Bf4 Ne4 9. Nc3 g5 10. Be3 Nd6 11. cxd5 exd5 12. Bd2 Nb6 13. b3 Bf5 14. Qc1 f6 15. Ne1 Bg6 16. Nc2 Re8 17. Re1 Bf8 18. a4 a5 19. Ne3 Qd7 20. f3 h5 21. Ned1 Nf5 22. e3 Nc8 23. Nf2 Ncd6 24. Ne2 Ng7 25. Nc3 Ne6 26. Qd1 Nf5 27. Bh3 Qf7 28. Bf1 h4 29. g4 Nd6 30. Ne2 Qh7 31. Rc1 Bg7 32. Bc3 Bh8 33. Qd2 Qc7 34. Nd3 Qb6 35. Rb1 Bg7 36. Rb2 Qc7 37. Nf2 b5 38. Ra2 b4 39. Bb2 f5 40. gxf5 Bxf5 41. Bg2 Rad8 42. Raa1 Qd7 43. Rac1 Nf7 44. h3 Re7 45. e4 Bg6 46. e5 Rf8 47. Ng4 Nfd8 48. Rf1 Ref7 49. Rf2 Qb7 50. f4 Nxf4 51. Nxf4 Rxf4 52. Rxf4 Rxf4 53. Nf2 Bf8 54. Nd3 Rf5 55. Rf1 Ne6 56. Rxf5 Bxf5 57. Bf1 Qf7 58. Qc1 Qd7 59. Qe3 Qg7 60. Nf2 Nf4 61. Qf3 Qg6 62. Bc1 Ne6 63. Be3 Bc2 64. Qg4 Kf7 65. Qf3+ Ke8 66. Qg4 Be7 67. Be2 Kd7 68. Bd1 Qf5 69. Qe2 Bxd1 70. Qxd1 Bd8 71. Qf1 Bb6 72. Qa6 Kc7 73. Qa8 Nxd4 74. Kf1 Qxe5 75. Ng4 Qf5+ 76. Kg1 Qf3 0-1

[Event "ISR-chT 2019"]
[Site "Israel"]
[Date "2019.02.22"]
[Round "7.23"]
[White "Kreizberg, Michael"]
[Black "Arlinsky, Uriel"]
[Result "1-0"]
[ECO "E06"]
[WhiteElo "2305"]
[BlackElo "2336"]
[Annotator "NA"]
[PlyCount "101"]
[EventDate "2019.01.04"]
[EventType "team-tourn"]
[EventCountry "ISR"]
[SourceTitle "playchess.com"]
[Source "ChessBase"]
[SourceQuality "1"]
[TimeControl "40/5400+30:1800+30"]

1. d4 Nf6 2. c4 e6 3. g3 Bb4+ 4. Bd2 Be7 5. Bg2 O-O 6. Nf3 d5 7. O-O c6 8. Qc2 b6 9. Bf4 Bb7 10. Ne5 Nh5 {[%emt 1:24:57] E06: Closed Catalan: Early deviations} (10... Nbd7 11. Rd1 Rc8 12. Nc3 Nh5 13. Be3 Nhf6 14. Nxd7 Nxd7 15. b3 f5 16. Bc1 Bd6 17. a4 a5 18. Ba3 Qe7 19. Bxd6 Qxd6 20. e3 {1-0 (70) Radjabov,T (2713)-Wang,H (2735) Beijing 2013}) 11. Bc1 $146 Nf6 12. Rd1 Qc8 13. Nc3 b5 14. c5 b4 15. Na4 Ba6 16. Nd3 Qb7 17. Bd2 Nbd7 18. Bf1 Bxd3 19. Qxd3 e5 20. e3 a5 21. a3 Ne4 22. Be1 Ng5 23. Bg2 e4 24. Qe2 f5 25. axb4 axb4 26. b3 Bd8 27. Ra2 Bc7 28. Rda1 g6 29. h4 Ne6 30. Nb2 Nf6 31. Nd1 h5 32. Ra6 Ng4 33. Qa2 Rae8 34. Qa4 Nd8 35. Ra8 f4 36. gxf4 Bxf4 37. Qa7 Bh2+ 38. Kh1 Qf7 39. Qxf7+ Rxf7 40. Bxb4 Ref8 41. Rc8 Rb7 42. Ba5 Rb8 43. Rxd8 Rbxd8 44. Bxd8 Rxd8 45. Ra6 Rb8 46. Bh3 Bc7 47. Rxc6 Ba5 48. Bxg4 hxg4 49. Rxg6+ Kf7 50. Rxg4 Rxb3 51. h5 1-0

[Event "ISR-chT 2019"]
[Site "Israel"]
[Date "2019.02.22"]
[Round "7.25"]
[White "Veinberg, Nimrod"]
[Black "Zoler, Dan"]
[Result "1/2-1/2"]
[ECO "D79"]
[WhiteElo "2406"]
[BlackElo "2503"]
[Annotator "ChessBase"]
[PlyCount "153"]
[EventDate "2019.01.04"]
[EventType "team-tourn"]
[EventCountry "ISR"]
[SourceTitle "playchess.com"]
[Source "ChessBase"]
[SourceQuality "1"]
[TimeControl "40/5400+30:1800+30"]

1. d4 d5 2. c4 c6 3. Nf3 Nf6 4. g3 g6 5. Bg2 Bg7 6. cxd5 cxd5 7. Ne5 O-O 8. Nc3 e6 9. O-O Nfd7 10. f4 Nc6 11. Be3 Ne7 12. Bf2 b6 13. Qa4 Nxe5 14. dxe5 Bd7 15. Qa3 Bc6 16. Rfd1 Qc7 17. e4 Rfd8 18. exd5 Nxd5 19. Ne4 Qb7 20. Nd6 Qd7 21. Ne4 Qb7 22. Qd3 Bf8 23. Qe2 Be7 24. Rac1 Rac8 25. h4 Ba4 26. Rxc8 Qxc8 27. Rd4 Bc6 28. h5 Nb4 29. a3 Rxd4 30. Bxd4 Qd8 31. Bc3 Nd5 32. Be1 Kg7 33. Bf2 Qd7 34. Qg4 Qb7 35. Nd6 Qd7 36. Bd4 Nc7 37. hxg6 hxg6 38. f5 Bxg2 39. f6+ Bxf6 40. exf6+ Kg8 41. Be5 Ba8 42. Qc4 b5 43. Qc1 Ne8 44. Qc8 Qxc8 45. Nxc8 a6 46. g4 g5 47. Kf2 Bb7 48. Ne7+ Kf8 49. Ke3 a5 50. b4 axb4 51. axb4 Bg2 52. Kd4 Bf3 53. Kc5 Bxg4 54. Kxb5 Bf3 55. Kc5 g4 56. Kd4 g3 57. Ke3 g2 58. Kf2 Bb7 59. b5 Nxf6 60. Bxf6 Ke8 61. Nc6 Kd7 62. Nd8 Bd5 63. Nxf7 e5 64. Nxe5+ Kc7 65. Ng6 Kb6 66. Ne7 Bb7 67. Nf5 Kxb5 68. Nd6+ Kc6 69. Be5 Ba6 70. Kxg2 Bd3 71. Kf3 Bh7 72. Ke3 Bb1 73. Kd4 Bh7 74. Bf4 Bb1 75. Nc4 Kd7 76. Ne5+ Ke6 77. Be3 1/2-1/2

[Event "ISR-chT 2019"]
[Site "Israel"]
[Date "2019.02.22"]
[Round "7.27"]
[White "Parkhov, Yair"]
[Black "Caspi, Israel"]
[Result "1/2-1/2"]
[ECO "A81"]
[WhiteElo "2348"]
[BlackElo "2454"]
[Annotator "ChessBase"]
[PlyCount "266"]
[EventDate "2019.01.04"]
[EventType "team-tourn"]
[EventCountry "ISR"]
[SourceTitle "playchess.com"]
[Source "ChessBase"]
[SourceQuality "1"]
[TimeControl "40/5400+30:1800+30"]

1. d4 f5 2. Nf3 Nf6 3. g3 g6 4. Bg2 Bg7 5. O-O O-O 6. Nbd2 c6 7. a4 d6 8. c3 Kh8 9. Re1 Ne4 10. Nxe4 fxe4 11. Ng5 d5 12. f3 h6 13. Nh3 exf3 14. exf3 Na6 15. Nf4 Rf6 16. Qe2 g5 17. Nh5 Re6 18. Qf2 Rxe1+ 19. Qxe1 Bf6 20. h4 Nc7 21. hxg5 hxg5 22. Bd2 Qd6 23. Qb1 Bd7 24. Qd3 Rf8 25. Nxf6 exf6 26. f4 Rg8 27. Kf2 Rg7 28. Re1 Ne6 29. f5 Nd8 30. g4 Rh7 31. Qg3 Nf7 32. b3 Kg8 33. Bc1 Rh4 34. Qxd6 Nxd6 35. Ba3 Nc8 36. Kg3 Kf7 37. a5 Rh8 38. Kf2 Rh4 39. Kf3 Rh8 40. c4 dxc4 41. bxc4 Rd8 42. Kf2 b6 43. Bb4 Be8 44. Ke3 Bd7 45. Rh1 Kg7 46. Ra1 Re8+ 47. Kf2 Kf7 48. axb6 axb6 49. Ra6 Rd8 50. Ke3 Re8+ 51. Kd3 Rh8 52. c5 Rh2 53. Be4 Rh3+ 54. Kc2 Re3 55. Bd3 bxc5 56. Bxc5 Rg3 57. Bc4+ Ke8 58. Be2 Re3 59. Bc4 Rg3 60. Ra8 Rxg4 61. Ba6 Bxf5+ 62. Kc3 Rf4 63. Bxc8 Bxc8 64. Rxc8+ Kd7 65. Rg8 g4 66. Kd3 f5 67. Ke2 Re4+ 68. Kf2 Rf4+ 69. Kg2 Rf3 70. Rg7+ Ke6 71. Rg6+ Kd7 72. Rd6+ Kc7 73. Rf6 Kb7 74. Rf8 Rf4 75. Re8 Rf3 76. Bd6 Rd3 77. Rb8+ Ka7 78. Rb2 Ka6 79. Be5 f4 80. Rf2 Kb5 81. Rxf4 c5 82. dxc5 Kxc5 83. Rxg4 Kd5 84. Bg3 Rb3 85. Rg5+ Ke4 86. Re5+ Kd4 87. Re8 Kd5 88. Kh3 Rb4 89. Re5+ Kc6 90. Rf5 Rc4 91. Bf4 Rd4 92. Kg4 Rd5 93. Rf8 Rd7 94. Kf5 Kc5 95. Ke6 Rh7 96. Rc8+ Kd4 97. Be5+ Ke4 98. Rc4+ Kd3 99. Ra4 Rb7 100. Kf5 Rf7+ 101. Bf6 Rd7 102. Ra3+ Kc4 103. Rc3+ Kd5 104. Rc1 Rb7 105. Rd1+ Kc4 106. Ke4 Rb4 107. Bd4 Kb5 108. Kd5 Rb3 109. Ra1 Kb4 110. Ra8 Rg3 111. Bc5+ Kb5 112. Rb8+ Ka6 113. Kc6 Rg6+ 114. Bd6 Rg7 115. Rb3 Rg5 116. Rh3 Rb5 117. Ra3+ Ra5 118. Rb3 Rg5 119. Rb1 Rh5 120. Bf4 Ka5 121. Bd6 Ka4 122. Rb4+ Ka5 123. Rd4 Rh6 124. Re4 Rg6 125. Kc5 Rg5+ 126. Be5 Ka6 127. Kc6 Rg6+ 128. Bd6 Ka5 129. Re8 Ka4 130. Rb8 Rh6 131. Kd5 Rh5+ 132. Be5 Rh6 133. Re8 Rh3 1/2-1/2

[Event "ISR-chT 2019"]
[Site "Israel"]
[Date "2019.02.22"]
[Round "7.28"]
[White "Zifroni, Dov"]
[Black "Galburd, Yan"]
[Result "1/2-1/2"]
[ECO "E04"]
[WhiteElo "2450"]
[BlackElo "2408"]
[Annotator "ChessBase"]
[PlyCount "219"]
[EventDate "2019.01.04"]
[EventType "team-tourn"]
[EventCountry "ISR"]
[SourceTitle "playchess.com"]
[Source "ChessBase"]
[SourceQuality "1"]
[TimeControl "40/5400+30:1800+30"]

1. d4 Nf6 2. c4 e6 3. g3 d5 4. Nf3 dxc4 5. Bg2 Bb4+ 6. Bd2 a5 7. Qc2 c5 8. Qxc4 Bxd2+ 9. Nbxd2 cxd4 10. Qxd4 Qe7 11. Nc4 O-O 12. Qd6 Qxd6 13. Nxd6 Ra6 14. Rd1 Rd8 15. Nxc8 Rxc8 16. Ne5 Nc6 17. Nxc6 bxc6 18. Rd2 Rb6 19. Kd1 Kf8 20. Kc1 Rcb8 21. Rhd1 Ke7 22. Rc2 Nd5 23. a3 f5 24. Rd4 Kd6 25. e4 fxe4 26. Rxe4 Rf8 27. Bf1 Rb3 28. Rec4 Ne7 29. Bg2 Rb6 30. Re4 Nd5 31. Rce2 Rf6 32. Bh3 Nc7 33. f4 Rb5 34. Bg2 Nd5 35. Re5 h6 36. Bh3 Nc7 37. Rd2+ Nd5 38. Rde2 Nc7 39. Bg2 Nd5 40. Rc2 Rf8 41. Re1 Rf6 42. Bf1 Rb6 43. Bc4 g5 44. fxg5 hxg5 45. Rce2 Rb8 46. Re4 Rh8 47. R1e2 Rhh6 48. Kd2 Rf8 49. Rg4 Rfh8 50. Rxg5 Rxh2 51. Rg7 Rxe2+ 52. Bxe2 Rh2 53. Ra7 Rg2 54. Rxa5 Rxg3 55. Ra4 Rg2 56. Rg4 Rh2 57. b4 e5 58. Ke1 Ne3 59. Rg6+ Kd5 60. Bf3+ e4 61. Bxe4+ Kxe4 62. Rxc6 Nc2+ 63. Kf1 Nxa3 64. Re6+ Kd3 65. Rf6 Kc3 66. Rf2 Rh4 67. Kg2 Kxb4 68. Kg3 Rh8 69. Rd2 Kc3 70. Rd7 Rf8 71. Rd6 Nc2 72. Rd7 Nd4 73. Kg4 Kd3 74. Re7 Nf3 75. Re6 Kd4 76. Re2 Ne5+ 77. Kg5 Kd5 78. Ra2 Nf3+ 79. Kg4 Nd4 80. Ra7 Nc6 81. Ra4 Ke5 82. Kg3 Nd4 83. Ra7 Rf3+ 84. Kg2 Rb3 85. Ra8 Kf4 86. Rf8+ Nf5 87. Kf2 Rb2+ 88. Ke1 Ke3 89. Re8+ Kd3 90. Rd8+ Nd4 91. Kf1 Ra2 92. Re8 Nf5 93. Rd8+ Ke3 94. Re8+ Kf3 95. Ke1 Nd6 96. Rf8+ Ke3 97. Kd1 Kd3 98. Rf3+ Kd4 99. Rf8 Ke3 100. Rd8 Nf5 101. Re8+ Kd3 102. Ke1 Rh2 103. Rd8+ Nd4 104. Re8 Nc2+ 105. Kf1 Ne3+ 106. Kg1 Rg2+ 107. Kh1 Rg7 108. Kh2 Ke2 109. Kh3 Kf3 110. Rf8+ 1/2-1/2